 Dungeon Crawl Stone Soup version 0.29-a0-565-g7a16c6de65 (webtiles) character file.

Game seed: 15936663678827486154

84016 Lekart the Severer (level 15, -18/132 HPs)
             Began as a Grey Draconian Fighter on June 12, 2022.
             Was a High Priest of Makhleb.
             Demolished by a radroach (29 damage)
             ... on level 2 of the Spider Nest.
             The game lasted 00:40:24 (25890 turns).

Lekart the Severer (Grey Draconian Fighter)        Turns: 25890, Time: 00:40:24

Health: -18/132    AC: 22    Str: 26    XL:     15   Next: 34%
Magic:  33/33      EV: 17    Int: 12    God:    Makhleb [*****.]
Gold:   69         SH:  6    Dex: 18    Spells: 16/24 levels left

rFire   . . .      SeeInvis +   u - +14 obsidian axe {vorpal, Mesm Drain Fly SInv}
rCold   + . .      Faith    +   b - +0 buckler
rNeg    + . .      Spirit   .   (body armour unavailable)
rPois   +          Reflect  .   (helmet restricted)
rElec   .          Harm     .   m - +2 cloak {Stlth+}
rCorr   .          Rampage  ∞   M - +0 pair of gloves of Fibuavei {MP+9}
Will    .....      Clarity  +   B - +3 pair of seven-league boots {Rampage+∞}
Stlth   ++........              R - amulet "Funafo" {Faith Dex+4 Stlth+}
HPRegen 0.32/turn               i - ring "Estis" {rC+ Str+2 Int+2 Dex+3 SInv}
MPRegen 0.23/turn               S - ring "Billem" {rPois rN+ Will- Slay+4}

@: flying, mesmerised, contaminated, slowed, glowing, studying 2 skills, very
slow
A: AC +14, amphibious, unfitting armour, cold-blooded, clarity, wild magic 1,
devolution 1
a: Renounce Religion, Minor Destruction, Lesser Servant of Makhleb, Major
Destruction, Greater Servant of Makhleb


You were on level 2 of the Spider Nest.
You worshipped Makhleb.
Makhleb was extremely pleased with you.
You visited 5 branches of the dungeon, and saw 24 of its levels.
You visited the Abyss 1 time.
You also visited: Sewer, Ossuary and Gauntlet.

You collected 2399 gold pieces.
You spent 2330 gold pieces at shops.

Inventory:

Hand Weapons
 a - a +8 war axe of protection
 u - the +14 obsidian axe (weapon) {vorpal, Mesm Drain Fly SInv}
   (You took it off a minotaur in a Gauntlet)

   It inflicts extra damage upon your enemies.
   It occasionally summons demons to assist the wielder when it strikes in
   combat.
   Its wielder is mesmerised by any visible foes.
   It cannot be unequipped while any foes are visible.
   SInv:      It lets you see invisible.
   Fly:       It grants you flight.
   Drain:     It drains your maximum health when unequipped.
 P - the +0 war axe of Omomor {elec, rC+++ Will- rCorr Dex-3}
   (You found it on level 8 of the Dungeon)

   It occasionally discharges a powerful burst of electricity upon striking a
   foe.
   Dex:       It affects your dexterity (-3).
   rC:        It renders you almost immune to cold.
   rCorr:     It protects you from acid and corrosion.
   Will:      It decreases your willpower.
Missiles
 s - 4 silver javelins (quivered)
 J - 3 throwing nets
 K - 8 javelins
Armour
 b - a +0 buckler (worn)
 m - a +2 cloak of stealth (worn)
 B - the +3 pair of seven-league boots (worn) {Rampage+∞}
   (You acquired it on level 6 of the Dungeon)

   Its wearer moves as far as possible in that direction when moving towards
   enemies.
 M - the +0 pair of gloves of Fibuavei (worn) {MP+9}
   (You bought it in a shop on level 8 of the Dungeon)

   MP:        It affects your magic capacity (+9).
Jewellery
 i - the ring "Estis" (left hand) {rC+ Str+2 Int+2 Dex+3 SInv}
   (You found it in a Gauntlet)

   [ring of see invisible]

   Str:       It affects your strength (+2).
   Int:       It affects your intelligence (+2).
   Dex:       It affects your dexterity (+3).
   rC:        It protects you from cold.
   SInv:      It lets you see invisible.
 y - a ring of protection from fire
 R - the amulet "Funafo" (around neck) {Faith Dex+4 Stlth+}
   (You bought it in a shop on level 2 of the Orcish Mines)

   [amulet of faith]

   It allows you to gain divine favour quickly.
   Dex:       It affects your dexterity (+4).
   Stlth:     It makes you more stealthy.
 S - the ring "Billem" (right hand) {rPois rN+ Will- Slay+4}
   (You bought it in a shop on level 2 of the Orcish Mines)

   [ring of slaying]

   Slay:      It affects your accuracy & damage with ranged weapons and melee
   (+4).
   rPois:     It protects you from poison.
   rN:        It protects you from negative energy.
   Will:      It decreases your willpower.
Wands
 c - a wand of digging (25)
 H - a wand of polymorph (8)
 L - a wand of paralysis (17)
 N - a wand of iceblast (9)
 U - a wand of mindburst (12)
 W - a wand of acid (4)
 X - a wand of charming (7)
 Y - a wand of flame (29)
Scrolls
 f - 3 scrolls of silence
 g - 6 scrolls of teleportation
 h - 13 scrolls of identify
 k - 2 scrolls of brand weapon
 o - 4 scrolls of blinking
 t - 2 scrolls of fog
 v - 2 scrolls of enchant weapon
 x - 5 scrolls of magic mapping
 C - 4 scrolls of enchant armour
 I - 5 scrolls of amnesia
 O - 2 scrolls of fear
Potions
 l - 4 potions of might
 p - 2 potions of flight
 r - 9 potions of curing
 w - a potion of invisibility
 z - 6 potions of magic
 A - 4 potions of haste
 G - 3 potions of brilliance
 Q - 3 potions of resistance
 T - 2 potions of ambrosia
 V - 5 potions of cancellation
Miscellaneous
 d - a phantom mirror
 E - a box of beasts (inert)


   Skills:
 + Level 11.8 Fighting
 + Level 16.8 Axes
 + Level 4.0 Throwing
 + Level 9.5 Dodging
 + Level 7.7 Shields
 * Level 5.2 Spellcasting
 * Level 6.2 Necromancy
 * Level 6.3 Transmutations
 * Level 12.2 Invocations
 + Level 1.1 Evocations


You had 16 spell levels left.
You knew the following spells:

 Your Spells              Type           Power      Damage    Failure   Level
a - Necromutation         Tmut/Necr      11%        N/A       100%        8

Your spell library contained the following spells:

 Spells                   Type           Power      Damage    Failure   Level
 Beastly Appendage        Tmut           46%        N/A       3%          1
 Necrotize                Necr           92%        1d8       3%          1
 Wereblood                Tmut           23%        N/A       4%          2
 Vampiric Draining        Necr           23%        2d7       9%          3
 Spider Form              Tmut/Pois      14%        N/A       26%         3
 Freeze                   Ice            16%        1d4       32%         1
 Summon Small Mammal      Summ           16%        N/A       32%         1
 Ignite Poison            Fire/Tmut/Pois 10%        N/A       38%         3
 Blade Hands              Tmut           11%        N/A       52%         5
 Agony                    Necr           23%        N/A       54%         5
 Ice Form                 Ice/Tmut       14%        N/A       63%         4
 Call Canine Familiar     Summ           4%         N/A       67%         3
 Confusing Touch          Hex            4%         N/A       67%         3
 Dazzling Flash           Conj/Hex       8%         N/A       67%         3
 Summon Guardian Golem    Hex/Summ       4%         N/A       67%         3
 Irradiate                Conj/Tmut      7%         3d15      91%         5
 Yara's Violent Unravell  Hex/Tmut       7%         3d5       91%         5
 Summon Ice Beast         Ice/Summ       4%         N/A       96%         4
 Freezing Cloud           Conj/Ice/Air   2%         6-21      100%        5
 Metabolic Englaciation   Hex/Ice        2%         N/A       100%        5
 Summon Mana Viper        Hex/Summ       4%         N/A       100%        5
 Dragon Form              Tmut           11%        N/A       100%        7
 Enfeeble                 Hex            2%         N/A       100%        7
 Monstrous Menagerie      Summ           2%         N/A       100%        7
 Storm Form               Tmut/Air       7%         N/A       100%        7
 Dragon's Call            Summ           2%         N/A       100%        9
 Polar Vortex             Ice            2%         N/A       100%        9


Dungeon Overview and Level Annotations

Branches:
Dungeon (13/15)            Temple (1/1) D:7            Lair (6/6) D:9
 Shoals (0/4) Lair:4       Spider (2/4) Lair:2        Slime (0/5) Lair:6
    Orc (2/2) D:12            Elf (0/3) Orc:2         Sewer (visited)
Ossuary (visited)         Gauntlet (visited)
 Vaults: D:13-14

Altars:
Ashenzari
Cheibriados
Dithmenos
Elyvilon
Fedhas
Gozag
Hepliaklqana
Kikubaaqudgha
Makhleb
Nemelex Xobeh
Okawaru
Qazlal
Ru
Sif Muna
Trog
Uskayaw
Vehumet
Wu Jian
Xom
Yredelemnul
Zin
The Shining One

Shops:
D:7 (   D:8 [   Orc:1 *   Orc:2 ((=?


Innate Abilities, Weirdness & Mutations

Your dull iron-grey scales are very hard. (AC +14)
You are amphibious.
You cannot fit into any form of body armour.
You are cold-blooded and may be slowed by cold attacks.
You possess an exceptional clarity of mind.
Your spells are a little harder to cast, but a little more powerful.
You have hidden genetic defects.


Message History

The tarantella is skewered by barbed spikes.
You feel less contaminated with magical energies.
You slash the wolf spider!
You kill the wolf spider!
Makhleb accepts your kill.
You feel better.
You slash the redback!
You break out of your daze!
You kill the redback!
Makhleb accepts your kill.
You hit the radroach but do no damage.
Visions of slaying the radroach flood into your mind.
Your red devil is no longer moving slowly.
The tarantella barely misses your red devil.
The redback barely misses your red devil.
The radroach barely misses you. The radroach claws you.
* * * LOW HITPOINT WARNING * * *
The tarantella closely misses your red devil.
The jumping spider leaps!
The redback bites your red devil!
Your red devil hits the tarantella with a +0 trident!
The tarantella is skewered by barbed spikes.
The radroach erupts in a fountain of uncontrolled magic!
You are blasted with magical radiation!!
* * * LOW HITPOINT WARNING * * *
You are contaminated with residual magic.
Your body shudders with the violent release of wild energies!
You feel a hidden malignance growing inside you.
Okay, then.
As you read the scroll of fear, it crumbles to dust.
You assume a fearsome visage.
The redback looks frightened!
The radroach looks frightened!
The jumping spider looks frightened!
The torpor snail looks frightened!
The redback looks frightened!
The tarantella looks frightened!
The jumping spider leaps! x2
The redback dies!
Makhleb accepts your kill.
Your red devil hits the tarantella from afar with a +0 trident!
The tarantella dies!
Makhleb accepts your kill.
The radroach erupts in a fountain of uncontrolled magic!
You are blasted with magical radiation!!
You die...

#.. ... ##.#
..#### ## #
.w...#... ##.
#.#..†...
#...###○.4..s!.
#...^..<†...#
#..#...@°##..#
.....#†4#B.#
#..##.†.#...#
#. .!.........
#^.#.#.....##
#..## s.#^.○.
#. ....#.## ..
##.^.#>


You could see a radroach (mesmerising, fleeing, ally target), a torpor snail
(fleeing), a jumping spider (fleeing), a friendly hellwing (summoned, slow) and
a friendly red devil (summoned).

Vanquished Creatures
  2 tentacled starspawn (Abyss:2)
  A balrug (Abyss:2)
  A lorocyproca (Abyss:2)
  A minotaur (Gauntlet)
  2 spark wasps
  A blizzard demon (Abyss:2)
  Harold (D:10)
  A hell beast (Gauntlet)
  2 boulder beetles (Spider:1)
  A catoblepas (Lair:6)
  3 ogre magi (Orc:2)
  11 two-headed ogres
  A death yak (Lair:4)
  A tengu warrior (D:13)
  2 thrashing horrors (Abyss:2)
  2 sun demons (Abyss:2)
  3 wretched stars (Abyss:2)
  2 pharaoh ants (Spider:1)
  A goliath frog (Lair:6)
  4 spatial maelstroms (Abyss:2)
  4 sixfirhies
  An orb spider (Lair:2)
  A steelbarb worm (Spider:1)
  2 wizards (D:11)
  Pikel (D:7)
  3 wolf spiders
  3 deep elf pyromancers (D:11)
  An orc sorcerer (Orc:2)
  2 ugly things (D:11)
  2 cyclopes
  A moth of wrath (Spider:1)
  4 starcursed masses (Abyss:2)
  A worldbinder (Abyss:2)
  6 elephants (Lair:3)
  An apocalypse crab (Abyss:2)
  A black mamba (Lair:6)
  A torpor snail (Lair:2)
  A gargoyle (D:11)
  25 cane toads
  A smoke demon (Abyss:2)
  3 kobold demonologists (D:12)
  Maggie (D:7)
  Psyche (D:8)
  An anaconda simulacrum (Abyss:2)
  12 komodo dragons
  2 efreet (D:11)
  3 ancient zymes (Abyss:2)
  4 demonic crawlers
  4 trolls
  Prince Ribbit (D:7)
  2 tyrant leeches (Lair:6)
  5 polar bears
  A hornet (D:9)
  18 blink frogs
  3 raiju (Abyss:2)
  2 jumping spiders
  8 slime creatures
  7 culicivoras (Spider:1)
  2 shadows
  An ice dragon skeleton (Abyss:2)
  A wraith (Abyss:2)
  2 ynoxinuls (Abyss:2)
  A spriggan (shapeshifter) (D:11)
  A wyvern (D:10)
  A vampire (D:12)
  52 yaks
  2 fire elementals (D:11)
  A steam dragon (D:10)
  3 basilisks
  4 vampire mosquitoes (Lair:6)
  15 redbacks
  2 neqoxecs (Abyss:2)
  A warg (Orc:1)
  5 spatial vortices (Abyss:2)
  4 swamp worms (Lair:2)
  2 acid dragons
  7 large abominations (Abyss:2)
  14 water moccasins
  2 ice beasts
  11 orc warriors
  A sky beast (D:7)
  5 black bears
  19 ogres
  24 wolves
  A phantom (D:6)
  3 kobold brigands
  A gnoll sergeant (D:8)
  A necrophage (D:6)
  11 bullfrogs
  6 scorpions
  4 small abominations (Abyss:2)
  10 wights
  3 killer bees (D:10)
  2 electric eels
  6 howler monkeys
  A hound (D:5)
  2 quasits (Abyss:2)
  8 orc priests
  Crazy Yiuf (D:2)
  2 jellies
  A gnoll shaman (D:8)
  3 iguanas
  14 orc wizards
  8 mummies (Ossuary)
  12 gnolls
  10 river rats (Sewer)
  7 adders
  A white imp (D:7)
  An ufetubus (D:5)
  3 worms
  A dart slug (D:2)
  58 orcs
  9 endoplasms
  7 giant cockroaches
  8 goblins
  9 hobgoblins
  2 jackals (D:5)
  4 quokkas
  3 training dummies (D:7)
  11 ball pythons
  5 bats
  8 frilled lizards
  3 gnoll zombies (Ossuary)
  11 kobolds
  4 kobold zombies (Ossuary)
  An orc zombie (Ossuary)
  8 rats
  2 bushes
  A starspawn tentacle (Abyss:2)
643 creatures vanquished.

Vanquished Creatures (collateral kills)
  A cacodemon (Abyss:2)
  3 starcursed masses (Abyss:2)
  2 hydras
  An ogre mage (Orc:2)
  A boulder beetle (D:11)
  4 two-headed ogres (Orc:2)
  A pharaoh ant (Spider:1)
  A cyclops (D:11)
  A worldbinder (Abyss:2)
  2 wolf spiders
  A manticore (D:11)
  A smoke demon (Abyss:2)
  3 cane toads (Lair:6)
  A tormentor (Abyss:2)
  An ancient zyme (Abyss:2)
  A tengu conjurer (D:13)
  2 raiju (Abyss:2)
  2 tarantellas
  7 blink frogs (Lair:6)
  2 polar bears
  2 culicivoras (Spider:1)
  A wyvern (Lair:4)
  A large abomination (Abyss:2)
  4 yaks
  A basilisk (Lair:5)
  4 redbacks
  A small abomination (Abyss:2)
  A vampire mosquito (Lair:6)
  An orc warrior (Orc:1)
  2 water moccasins (Lair:6)
  7 ogres (Orc:2)
  A black mamba simulacrum (Abyss:2)
  A wolf (Lair:5)
  5 bullfrogs (Lair:6)
  An electric eel (Lair:6)
  A quasit (Abyss:2)
  An orc wizard (Orc:2)
  An ufetubus (Abyss:2)
  4 orcs
78 creatures vanquished.

Vanquished Creatures (others)
  A thrashing horror (Abyss:2)
  A centaur simulacrum (D:11)
  17 fungi
  72 plants
  4 starspawn tentacles (Abyss:2)
95 creatures vanquished.

Grand Total: 816 creatures vanquished

Notes
Turn   | Place    | Note
-------+----------+-------------------------------------------
     0 | D:1      | Lekart the Draconian Fighter began the quest for the Orb.
     0 | D:1      | Reached XP level 1. HP: 19/19 MP: 1/1
    93 | D:1      | Reached XP level 2. HP: 24/26 MP: 2/2
   691 | D:2      | Reached XP level 3. HP: 30/33 MP: 3/3
  1088 | D:2      | Found a runed translucent door.
  1089 | D:2      | Noticed Crazy Yiuf
  1128 | D:2      | Got the Disquisition on Transmutation
  1311 | D:2      | Found a faded altar of an unknown god.
  1501 | D:2      | Killed Crazy Yiuf
  1713 | D:3      | Reached XP level 4. HP: 33/40 MP: 4/4
  1722 | D:3      | Reached skill level 3 in Axes
  2089 | D:3      | Gained mutation: You occasionally shout uncontrollably at
                  | your foes. [potion of mutation]
  2089 | D:3      | Gained mutation: A frigid envelope surrounds you and
                  | freezes all who hurt you. [potion of mutation]
  2089 | D:3      | Gained mutation: Your magical capacity is low. (-10% MP)
                  | [potion of mutation]
  2089 | D:3      | Gained mutation: You are robust. (+10% HP) [potion of
                  | mutation]
  2264 | D:3      | Reached XP level 5. HP: 50/50 MP: 4/4
  3146 | D:4      | Noticed a black bear
  3152 | D:4      | Killed a black bear
  3153 | D:4      | Reached skill level 4 in Axes
  3210 | D:4      | Reached XP level 6. HP: 58/58 MP: 5/5
  3323 | D:5      | Entered Level 5 of the Dungeon
  3323 | D:5      | Noticed a water moccasin
  3328 | D:5      | Killed a water moccasin
  3329 | D:5      | Reached skill level 5 in Axes
  3506 | D:5      | Reached skill level 1 in Throwing
  3506 | D:5      | Your scales start taking on a dull iron-grey colour.
  3506 | D:5      | Reached XP level 7. HP: 66/66 MP: 6/6
  3527 | D:5      | Reached skill level 6 in Axes
  3819 | D:5      | Reached skill level 5 in Fighting
  4181 | D:5      | Reached XP level 8. HP: 69/74 MP: 7/7
  4188 | D:5      | Reached skill level 7 in Axes
  4646 | D:6      | Reached skill level 5 in Dodging
  4695 | D:6      | Found a glowing drain.
  4705 | Sewer    | Entered a sewer
  5176 | D:6      | Found a sand-covered staircase.
  5184 | Ossuary  | Entered an ossuary
  5206 | Ossuary  | Reached skill level 8 in Axes
  5259 | Ossuary  | Lost mutation: You are robust. (+10% HP) [potion of
                  | mutation]
  5259 | Ossuary  | Lost mutation: A frigid envelope surrounds you and freezes
                  | all who hurt you. [potion of mutation]
  5259 | Ossuary  | Lost mutation: Your magical capacity is low. (-10% MP)
                  | [potion of mutation]
  5259 | Ossuary  | Gained mutation: Your spells are a little easier to cast,
                  | but a little less powerful. [potion of mutation]
  5336 | Ossuary  | Identified a scroll of acquirement
  5336 | Ossuary  | Acquired a manual of Throwing
  5547 | D:6      | Reached XP level 9. HP: 75/75 MP: 9/9
  5727 | D:6      | Found a shimmering altar of Xom.
  6194 | D:6      | Reached skill level 9 in Axes
  6429 | D:6      | Acquired the +3 pair of seven-league boots {Rampage+∞}
  6429 | D:6      | Found the +3 pair of seven-league boots {Rampage+∞}
  6746 | D:7      | Noticed a two-headed ogre
  6752 | D:7      | Killed a two-headed ogre
  6908 | D:7      | Reached skill level 10 in Axes
  7038 | D:7      | Reached skill level 5 in Shields
  7164 | D:7      | Found a staircase to the Ecumenical Temple.
  7185 | D:7      | Found Moomm's Firing Range.
  7352 | D:7      | Noticed Pikel
  7353 | D:7      | Noticed Maggie
  7355 | D:7      | Noticed Prince Ribbit
  7359 | D:7      | Killed Pikel
  7360 | D:7      | Reached XP level 10. HP: 80/84 MP: 10/10
  7377 | D:7      | Killed Maggie
  7382 | D:7      | Killed Prince Ribbit
  7383 | D:7      | Reached skill level 11 in Axes
  7583 | Temple   | Entered the Ecumenical Temple
  7995 | Temple   | Became a worshipper of Makhleb the Destroyer
  8280 | D:8      | Noticed Psyche
  8288 | D:8      | Killed Psyche
  8289 | D:8      | Reached skill level 1 in Invocations
  8420 | D:8      | Found Mathrewk's Antique Armour Emporium.
  8430 | D:8      | Bought a pair of bloodstained gloves for 256 gold pieces
  8430 | D:8      | Identified the +0 pair of gloves of Fibuavei {MP+9} (You
                  | bought it in a shop on level 8 of the Dungeon)
  8518 | D:8      | Found a stormy altar of Qazlal.
  9105 | D:8      | Identified the +0 war axe of Omomor {elec, rC+++ Will-
                  | rCorr Dex-3}
  9206 | D:9      | Reached * piety under Makhleb
  9224 | D:9      | Identified the +4 flail of Crusades {flame, rF+ rC+ Int+3}
  9320 | D:9      | Reached skill level 12 in Axes
  9409 | D:9      | Found a staircase to the Lair.
 10041 | D:10     | Entered Level 10 of the Dungeon
 10067 | D:10     | Noticed Harold
 10074 | D:10     | Killed Harold
 10075 | D:10     | Reached XP level 11. HP: 58/93 MP: 13/13
 10078 | D:10     | Lost mutation: Your spells are a little easier to cast, but
                  | a little less powerful. [potion of mutation]
 10078 | D:10     | Lost mutation: You occasionally shout uncontrollably at
                  | your foes. [potion of mutation]
 10078 | D:10     | Gained mutation: You are somewhat resistant to further
                  | mutation. [potion of mutation]
 10602 | D:10     | Reached ** piety under Makhleb
 10917 | D:11     | Noticed a deep elf pyromancer
 10917 | D:11     | Noticed a deep elf pyromancer
 10921 | D:11     | Noticed a deep elf pyromancer
 10928 | D:11     | Killed a deep elf pyromancer
 10928 | D:11     | Killed a deep elf pyromancer
 10929 | D:11     | Reached skill level 13 in Axes
 10944 | D:11     | Killed a deep elf pyromancer
 10945 | D:11     | Reached skill level 5 in Invocations
 10946 | D:11     | Noticed a wizard
 11034 | Lair:1   | Entered Level 1 of the Lair of Beasts
 11211 | Lair:1   | Reached skill level 1 in Evocations
 11263 | Lair:1   | Reached *** piety under Makhleb
 11544 | Lair:1   | Lost mutation: You are somewhat resistant to further
                  | mutation. [potion of mutation]
 11544 | Lair:1   | Gained mutation: You passively dampen the noise of your
                  | surroundings. [potion of mutation]
 11544 | Lair:1   | Gained mutation: You are frail. (-10% HP) [potion of
                  | mutation]
 12423 | Lair:2   | Found a hide-covered altar of Uskayaw.
 12444 | Lair:2   | Reached XP level 12. HP: 81/92 MP: 17/17
 13692 | Lair:2   | Found a hole to the Spider Nest.
 14212 | Lair:3   | Reached **** piety under Makhleb
 14273 | Lair:3   | Reached skill level 14 in Axes
 14341 | Lair:3   | Found a gate leading to a gauntlet.
 14388 | Lair:3   | Reached skill level 10 in Invocations
 14414 | Gauntlet | Entered a Gauntlet
 14414 | Gauntlet | Found a transporter.
 14423 | Gauntlet | Found a transporter.
 14440 | Gauntlet | Found a transporter.
 14443 | Gauntlet | Found a transporter.
 14453 | Gauntlet | Found a transporter.
 14455 | Gauntlet | Noticed a ghost crab
 14470 | Gauntlet | Noticed a blizzard demon
 14471 | Gauntlet | Found a runed translucent door.
 14473 | Gauntlet | Found a transporter.
 14476 | Gauntlet | Found a transporter.
 14480 | Gauntlet | Found a transporter.
 14482 | Gauntlet | Noticed a reaper
 14485 | Gauntlet | Found the macabre finger necklace {rN+}
 14486 | Gauntlet | Found a runed translucent door.
 14503 | Gauntlet | Found a transporter.
 14511 | Gauntlet | Found a transporter.
 14511 | Gauntlet | Found a transporter.
 14514 | Gauntlet | Noticed a hell beast
 14522 | Gauntlet | Found a transporter.
 14619 | Gauntlet | Killed a hell beast
 15112 | Gauntlet | Identified the ring "Estis" {rC+ Str+2 Int+2 Dex+3 SInv}
 15144 | Gauntlet | Found the +1 robe of Vines {NoPotionHeal Regen++++}
 15144 | Gauntlet | Noticed a minotaur
 15159 | Gauntlet | Killed a minotaur
 15389 | Gauntlet | Got the Incunabulum of Transmigration
 15402 | Gauntlet | Learned a level 8 spell: Necromutation
 15859 | Lair:4   | Reached skill level 1 in Necromancy
 15859 | Lair:4   | Reached XP level 13. HP: 101/101 MP: 20/20
 16128 | Lair:4   | Reached skill level 10 in Fighting
 16135 | Lair:4   | Found a staircase to the Shoals.
 16217 | Lair:4   | Reached skill level 1 in Spellcasting
 16284 | Lair:4   | Reached skill level 1 in Transmutations
 16347 | Lair:4   | Reached ***** piety under Makhleb
 16941 | Lair:5   | Reached skill level 15 in Axes
 17834 | Lair:6   | Entered Level 6 of the Lair of Beasts
 17835 | Lair:6   | Found a sacrificial altar of Ru.
 18086 | Lair:6   | Found a staircase to the Slime Pits.
 18292 | Lair:6   | Reached XP level 14. HP: 94/109 MP: 22/22
 18420 | Lair:6   | Got the Compendium of the Frostbite
 18459 | Lair:6   | Reached ****** piety under Makhleb
 19104 | D:11     | Lost mutation: You passively dampen the noise of your
                  | surroundings. [potion of mutation]
 19104 | D:11     | Lost mutation: You are frail. (-10% HP) [potion of
                  | mutation]
 19104 | D:11     | Gained mutation: You are resistant to electric shocks.
                  | (rElec) [potion of mutation]
 19105 | D:11     | Lost mutation: You are resistant to electric shocks.
                  | (rElec) [potion of mutation]
 19105 | D:11     | Gained mutation: Your spells are a little harder to cast,
                  | but a little more powerful. [potion of mutation]
 19105 | D:11     | Gained mutation: You possess an exceptional clarity of
                  | mind. [potion of mutation]
 19190 | D:11     | Got the Volume of the Ensnaring Escort
 19697 | D:11     | Reached skill level 16 in Axes
 20041 | D:11     | Cast into level 2 of the Abyss (a wizard)
 20132 | Abyss:2  | Noticed a starcursed mass
 20221 | Abyss:2  | Noticed a cacodemon
 20229 | Abyss:2  | Killed a cacodemon
 20426 | Abyss:2  | Found a corrupted altar of Lugonu.
 20487 | Abyss:2  | Found a corrupted altar of Lugonu.
 20558 | Abyss:2  | Noticed a tentacled starspawn
 20564 | Abyss:2  | Killed a tentacled starspawn
 20629 | Abyss:2  | Noticed a starcursed mass
 20638 | Abyss:2  | Noticed a starcursed mass
 20646 | Abyss:2  | Killed a starcursed mass
 20650 | Abyss:2  | Noticed a starcursed mass
 20660 | Abyss:2  | Killed a starcursed mass
 20669 | Abyss:2  | Killed a starcursed mass
 20685 | Abyss:2  | Noticed a tentacled starspawn
 20693 | Abyss:2  | Killed a tentacled starspawn
 20923 | Abyss:2  | Noticed a starcursed mass
 20964 | Abyss:2  | Noticed a balrug
 20980 | Abyss:2  | Killed a balrug
 21882 | Abyss:2  | HP: 3/124 [raiju (8)]
 21894 | Abyss:2  | HP: 4/186 [raiju/living lightning (14)]
 22053 | D:11     | Escaped the Abyss
 23008 | D:12     | Found a staircase to the Orcish Mines.
 23712 | D:13     | Reached skill level 5 in Transmutations
 23843 | Orc:1    | Entered Level 1 of the Orcish Mines
 23844 | Orc:1    | Found Geavioteto's Specific Store.
 23845 | Orc:1    | Found Fued's General Store.
 23921 | Orc:1    | Bought a box of beasts for 600 gold pieces
 24051 | Orc:2    | Entered Level 2 of the Orcish Mines
 24380 | Orc:2    | Found a staircase to the Elven Halls.
 24473 | Orc:2    | Reached skill level 5 in Necromancy
 24481 | Orc:2    | Paralysed by an ogre mage for 3 turns
 24506 | Orc:2    | Noticed an Executioner
 24692 | Orc:2    | Found Jarr's Jewellery Boutique.
 24692 | Orc:2    | Found Dejo's Antique Weapon Shoppe.
 24692 | Orc:2    | Found Koruubbuce's Magic Scroll Emporium.
 24692 | Orc:2    | Found Paxukky's Antique Weapon Boutique.
 24706 | Orc:2    | Bought the amulet "Funafo" {Faith Dex+4 Stlth+} for 582
                  | gold pieces
 24706 | Orc:2    | Bought the ring "Billem" {rPois rN+ Will- Slay+4} for 892
                  | gold pieces
 25046 | Spider:1 | Entered Level 1 of the Spider Nest
 25055 | Spider:1 | Reached XP level 15. HP: 130/130 MP: 23/23
 25079 | Spider:1 | Reached skill level 5 in Spellcasting
 25889 | Spider:2 | Gained mutation: You have hidden genetic defects.
                  | [mutagenic glow]
 25890 | Spider:2 | Demolished by a radroach

Illustrated notes

Levels and vault maps discovered:
D:1:      matt_arrival_spirals, layout_rooms
D:2:      layout_basic, shapermc_ecumenical_altar_mp_vishouse,
          uniq_crazy_yiuf_cottage
D:3:      layout_loops_cross
D:4:      layout_loops_ring, minmay_misc_feat_nine_boxes,
          minmay_misc_feat_diagonals
D:5:      layout_cave_pools, kennysheep_generic_room_6
D:6:      layout_layer_cave, mainiacjoe_overflow_six_doors_small,
          cheibrodos_sewer_entry_drain, nicolae_ossuary_entry_plus
D:7:      layout_cave_pods, minmay_temple_entry_enclosed_plants,
          nicolae_shop_firing_range, uniq_pikel, uniq_prince_ribbit1,
          uniq_maggie
D:8:      layout_loops_cross, lemuel_coloured_pillars_altar, serial_shops,
          nicolae_shop_stone, uniq_psyche
D:9:      layout_small_grid, erik_lair_dragon, chequers_serial_rivers_large_b
D:10:     layout_big_octagon, chequers_serial_rivers_micro_b, uniq_harold
D:11:     cheibrodos_lost_city_excavation, layout_basic, minivault_28
D:12:     layout_stronghold, orc_0_dummy, kennysheep_generic_room_13
D:13:     layout_cave_pods, david_vaults_3, nicolae_hepliaklqana_hippocampus,
          uniq_lodul
Temple:   mainiacjoe_temple_big_plus
Lair:1:   layout_regular_city, hibernation_bobbens
Lair:2:   layout_roguey, nicolae_spider_entry_orb_guardian, basic_altar,
          worms_lemuel, grunt_megastairs_3, serial_bayou_shore_b
Lair:3:   layout_gridlike, gauntlet_entry_generic, serial_bayou_shore_b
Lair:4:   layout_cave_shapes, elwin_shoals_entry_rocks, ldierk_geyser,
          nicolae_lair_grove_arrangements, st_stairs_12, beast_lair_carwin_8
Lair:5:   layout_cave_pods, lemuel_fruit_tree
Lair:6:   minmay_lair_end_frog_pond, layout_small_grid, slime_dummy, basic_altar
Spider:1: layout_spider_delve
Spider:2: layout_spider_delve, ebering_ghost_xom
Orc:1:    layout_caves, nicolae_specific_store
Orc:2:    st_orc_ogre_mass, layout_diamond_mine, hellmonk_bongcloud_opening

Skill      XL: |  1  2  3  4  5  6  7  8  9 10 11 12 13 14 15 |
---------------+----------------------------------------------+-----
Dodging        | 3 4 5 6 7 8 9 |  9.5
Axes           | 3 4 5 6 8 10 12 13 14 15 16 | 16.8
Fighting       | 4 5 6 7 8 9 10 11 | 11.8
Shields        | 4 5 6 7 |  7.7
Throwing       | 1 4 |  4.0
Invocations    | 3 7 10 11 12 | 12.2
Evocations     | 1 |  1.1
Necromancy     | 1 3 5 6 |  6.2
Spellcasting   | 3 4 5 |  5.2
Transmutations | 3 5 6 |  6.3

Action                   |  1- 3 |  4- 6 |  7- 9 | 10-12 | 13-15 || total
-------------------------+-------+-------+-------+-------+-------++-------
Melee: War axe           |    67 |    64 |   230 |   449 |       ||   810
       Tailslap          |     5 |     4 |    28 |    58 |   117 ||   212
       Broad axe         |       |       |       |    19 |   731 ||   750
Throw: Javelin           |       |     9 |    15 |       |       ||    24
Invok: Minor Destruction |       |       |       |    94 |     8 ||   102
       Lesser Servant of |       |       |       |     2 |       ||     2
       Major Destruction |       |       |       |     1 |       ||     1
       Greater Servant o |       |       |       |       |     5 ||     5
Evoke: Wand              |       |       |       |     9 |     2 ||    11
       Phantom mirror    |       |       |       |       |     1 ||     1
       Box of beasts     |       |       |       |       |     1 ||     1
  Use: Scroll            |     7 |     2 |    11 |    12 |     6 ||    38
       Potion            |     1 |     5 |     5 |     2 |     6 ||    19
 Stab: Sleeping          |       |     1 |       |       |     5 ||     6
       Distracted        |       |       |     1 |       |     5 ||     6
Armor: Skin              |    23 |    19 |    91 |   192 |   201 ||   526
Dodge: Dodged            |    44 |    34 |   157 |   425 |   436 ||  1096
Block: Buckler           |    18 |    11 |    50 |   129 |   149 ||   357

Table legend: (Time is in decaauts)
 A = Elapsed time spent in this place.
 B = Non-inter-level travel time spent in this place.
 C = Inter-level travel time spent in this place.
 D = Time resting spent in this place.
 E = Time spent auto-exploring this place.
 F = Levels seen in this place.
 G = Mean time per level.
                   A        B        C        D        E       F      G
               +--------+--------+--------+--------+--------+-----+--------+
         Total |  25816 |  24589 |   1227 |   2569 |  18234 |  28 |  922.0 |
       Dungeon |  13060 |  12165 |    895 |    888 |   9608 |  13 | 1004.6 |
        Temple |    442 |    412 |     30 |      0 |    384 |   1 |  442.0 |
          Lair |   6928 |   6704 |    224 |    100 |   5725 |   6 | 1154.7 |
   Spider Nest |    827 |    819 |      8 |     62 |    627 |   2 |  413.5 |
  Orcish Mines |    971 |    902 |     69 |      0 |    735 |   2 |  485.5 |
         Abyss |   1974 |   1974 |      0 |   1084 |    326 |   1 | 1974.0 |
         Sewer |    453 |    453 |      0 |      0 |    326 |   1 |  453.0 |
       Ossuary |    175 |    175 |      0 |      0 |    117 |   1 |  175.0 |
      Gauntlet |    982 |    982 |      0 |    435 |    386 |   1 |  982.0 |
               +--------+--------+--------+--------+--------+-----+--------+

Top non-repeatable levels by time:
 Abyss:2: 1974 daAuts
  Lair:2: 1841 daAuts
    D:11: 1504 daAuts
    D:12: 1405 daAuts
  Lair:1: 1371 daAuts
     D:7: 1298 daAuts
     D:6: 1226 daAuts
  Lair:5: 1095 daAuts
     D:9: 1051 daAuts
     D:5: 1048 daAuts
     D:2: 1035 daAuts
  Lair:6: 1022 daAuts
     D:4: 1015 daAuts
Gauntlet: 982 daAuts
    D:10: 934 daAuts
